 Dungeon Crawl Stone Soup version 0.29-a0-925-g0a7a3d12f8 (webtiles) character file.

Game seed: 1580459541349373233

312 nickcage the Firebug (level 6, -1/45 HPs)
             Began as a Draconian Fire Elementalist on July 28, 2022.
             Slain by Crazy Yiuf
             ... wielding a +2 quarterstaff of chaos
              (10 damage)
             ... on level 3 of the Dungeon.
             The game lasted 00:13:41 (3287 turns).

nickcage the Firebug (Draconian Fire Elementalist)  Turns: 3287, Time: 00:13:42

Health: -1/45      AC:  7    Str: 10    XL:     6   Next: 18%
Magic:  0/10       EV: 12    Int: 17    God:
Gold:   76         SH:  0    Dex: 12    Spells: 4/11 levels left

rFire   + . .      SeeInvis .   w - +9 falchion "Maed Buni" {freeze, rPois rF+ Stlth-}
rCold   . . .      Faith    .   (no shield)
rNeg    . . .      Spirit   .   (body armour unavailable)
rPois   +          Reflect  .   (helmet restricted)
rElec   .          Harm     .   (no cloak)
rCorr   .          Rampage  .   (no gloves)
Will    .....                   m - +0 pair of boots
Stlth   ..........              (no amulet)
HPRegen 0.15/turn               p - ring of flight
MPRegen 0.12/turn               (no ring)

@: confused, flying
A: AC +6, unfitting armour, cold-blooded
a: no special abilities


You were on level 3 of the Dungeon.
You visited 1 branch of the dungeon, and saw 3 of its levels.

You collected 76 gold pieces.

Inventory:

Hand Weapons
 h - a +0 dagger
 q - a +0 mace
 t - a +0 morningstar
 v - a +5 scythe of protection
 w - the +9 falchion "Maed Buni" (weapon) {freeze, rPois rF+ Stlth-}
   (You found it on level 3 of the Dungeon)

   It freezes those it strikes, dealing additional cold damage.
   It can also slow down cold-blooded creatures.
   rF:        It protects you from fire.
   rPois:     It protects you from poison.
   Stlth:     It makes you less stealthy.
Armour
 m - a +0 pair of boots (worn)
Jewellery
 p - a ring of flight (left hand)
Scrolls
 c - a scroll of noise {unknown}
 d - 3 scrolls of enchant weapon {unknown}
 e - 4 scrolls of teleportation {unknown}
 f - a scroll of enchant armour {unknown}
 g - a scroll of butterflies {unknown}
 k - 3 scrolls of poison {unknown}
 l - a scroll of brand weapon {unknown}
 n - a scroll of vulnerability {unknown}
 o - a scroll of identify {unknown}
Potions
 a - a potion of magic
 b - a potion of brilliance {unknown}
 i - 2 potions of lignification {unknown}
 j - 2 potions of invisibility {unknown}
 r - a potion of heal wounds {unknown}
 s - 2 potions of curing {unknown}
 u - 2 potions of mutation {unknown}


   Skills:
 - Level 1.7 Dodging
 - Level 1.7 Stealth
 - Level 3.0 Spellcasting
 * Level 2.1 Conjurations
 + Level 6.2 Fire Magic


You had 4 spell levels left.
You knew the following spells:

 Your Spells              Type           Power      Damage    Failure   Level
a - Foxfire               Conj/Fire      64%        2x1d7     3%          1
b - Scorch                Fire           46%        2d7       1%          2
c - Flame Wave            Conj/Fire      16%        2d7       30%         4

Your spell library contained the following spells:

 Spells                   Type           Power      Damage    Failure   Level
 Conjure Flame            Conj/Fire      16%        6-21      10%         3
 Inner Flame              Hex/Fire       13%        N/A       14%         3
 Frozen Ramparts          Ice            4%         1d2       45%         3
 Ice Form                 Ice/Tmut       2%         N/A       86%         4
 Summon Ice Beast         Ice/Summ       2%         N/A       86%         4


Dungeon Overview and Level Annotations

Branches:
Dungeon (3/15)

Altars:
Cheibriados
Trog
Yredelemnul

Annotations:
D:3 Crazy Yiuf


Innate Abilities, Weirdness & Mutations

Your plain brown scales are hard. (AC +6)
You cannot fit into any form of body armour.
You are cold-blooded and may be slowed by cold attacks.


Message History

Found a stone staircase leading down.
There is a stone staircase leading down here.
You reach down and open the door.
There is an open door here.
Found a stone staircase leading up.
There is a stone staircase leading up here.
Found a stone staircase leading down.
Found a hammer.
Found a runed translucent door.
Crazy Yiuf shouts!
You reach down and open the door.
Flames lash Crazy Yiuf.
Crazy Yiuf is moderately wounded.
Crazy Yiuf's fire resistance burns away.
Crazy Yiuf hits you with a +2 quarterstaff of chaos!
You feel your power leaking away.
Flames lash Crazy Yiuf.
Crazy Yiuf is burned terribly!
Crazy Yiuf is heavily wounded.
Crazy Yiuf hits you with a +2 quarterstaff of chaos.
You are confused.
You are out of magic!
You are too confused!
You miss Crazy Yiuf.
Your tail-slap misses Crazy Yiuf.
Crazy Yiuf is heavily wounded.
Crazy Yiuf barely misses you.
You barely miss Crazy Yiuf.
Crazy Yiuf is heavily wounded.
Crazy Yiuf hits you with a +2 quarterstaff of chaos!
Crazy Yiuf burns you.
Crazy Yiuf screams, "Goldfish!"
Crazy Yiuf closely misses you.
You hit Crazy Yiuf. You freeze Crazy Yiuf.
Crazy Yiuf is severely wounded.
Crazy Yiuf hits you with a +2 quarterstaff of chaos!
* * * LOW HITPOINT WARNING * * *
Crazy Yiuf freezes you.
* * * LOW HITPOINT WARNING * * *
You bump into the tree.
Crazy Yiuf closely misses you.
You bump into the stone wall.
Crazy Yiuf hits you with a +2 quarterstaff of chaos!
You die...

##### #.... ###'###
##P....# ##♣♣♣♣♣
##...⌠... ###...♣.♣♣♣
### #P....P..
#######......♣..♣#...#
#.##_._P_#
#....<......♣♣♣♣@g...#
####P#..##
+.....+.#..♣♣ ♣♣#..)#
#.[.......
#...#.#.##♣♣ ###
##.####### ....#.#.#
#......... ..#.#.#.#
#..#.##### ..#.#.#.#
#..#.# ## ..#.#.#..
#..#.# #. ..#.#.#.>
#..#.# #. ..#.#.#
##.#.# #.


You could see Crazy Yiuf (combustible).

Vanquished Creatures
  Sigmund (D:3)
  Natasha (twice) (D:2)
  Terence (D:3)
  3 adders
  2 dart slugs (D:2)
  2 endoplasms (D:1)
  A giant cockroach (D:3)
  3 goblins
  6 hobgoblins
  3 jackals (D:1)
  4 kobolds
  3 quokkas
  A ball python (D:1)
  3 bats
  2 frilled lizards
  3 rats
40 creatures vanquished.

Vanquished Creatures (others)
  31 foxfires
31 creatures vanquished.

Grand Total: 71 creatures vanquished

Notes
Turn   | Place    | Note
-------+----------+-------------------------------------------
     0 | D:1      | nickcage the Draconian Fire Elementalist began the quest
                  | for the Orb.
     0 | D:1      | Reached XP level 1. HP: 14/14 MP: 3/3
   555 | D:1      | Reached XP level 2. HP: 20/20 MP: 1/5
   646 | D:1      | Learned a level 2 spell: Scorch
  1560 | D:2      | Noticed Natasha
  1707 | D:2      | Reached XP level 3. HP: 25/26 MP: 1/6
  1956 | D:2      | Killed Natasha
  1957 | D:2      | Reached skill level 4 in Fire Magic
  2255 | D:2      | Noticed Natasha
  2259 | D:2      | Killed Natasha
  2260 | D:2      | Reached XP level 4. HP: 33/33 MP: 1/8
  2265 | D:2      | Learned a level 4 spell: Flame Wave
  2547 | D:3      | Noticed Terence
  2551 | D:3      | Killed Terence
  2750 | D:3      | Found a bloodstained altar of Trog.
  2750 | D:3      | Found a snail-covered altar of Cheibriados.
  2751 | D:3      | Found a basalt altar of Yredelemnul.
  2878 | D:3      | Reached skill level 5 in Fire Magic
  2969 | D:3      | Reached XP level 5. HP: 38/38 MP: 4/9
  3038 | D:3      | Noticed Sigmund
  3060 | D:3      | Killed Sigmund
  3061 | D:3      | Reached skill level 6 in Fire Magic
  3061 | D:3      | Reached XP level 6. HP: 31/45 MP: 1/10
  3177 | D:3      | Identified the +9 falchion "Maed Buni" {freeze, rPois rF+
                  | Stlth-}
  3276 | D:3      | Found a runed translucent door.
  3277 | D:3      | Noticed Crazy Yiuf
  3287 | D:3      | Slain by Crazy Yiuf

Illustrated notes

Levels and vault maps discovered:
D:1:      lightli_iron_boxes, layout_basic
D:2:      layout_basic, grunt_decor_arrowhead, uniq_natasha
D:3:      layout_basic, lemuel_blue_sif_altar,
          gammafunk_temple_overflow_forgotten, serial_co_window_serial,
          co_window_paths_a, co_window_corner_a, co_window_corner_a,
          co_window_paths_b, co_window_paths_a, co_window_corner_a,
          co_window_paths_b, co_window_2corner, co_window_of_opportunity_c,
          co_window_2corner, co_window_of_opportunity_c,
          co_window_of_opportunity_b, co_window_paths_c, co_window_4corner_a,
          glass_columns_a, uniq_terence, uniq_sigmund, uniq_crazy_yiuf_cottage

Skill      XL: |  1  2  3  4  5 |
---------------+----------------+-----
Fire Magic     | 4 5 6 |  6.2
Spellcasting   | 3 |  3.0
Conjurations   | 2 |  2.1
Dodging        | |  1.7
Stealth        | |  1.7

Action                   |  1- 3 |  4- 6 || total
-------------------------+-------+-------++-------
Melee: Unarmed           |     3 |       ||     3
       Dagger            |    21 |       ||    21
       Tailslap          |     1 |       ||     1
       Morningstar       |       |     3 ||     3
       Falchion          |       |     3 ||     3
 Cast: Foxfire           |    19 |       ||    19
       Scorch            |    22 |    22 ||    44
Armor: Skin              |     7 |     6 ||    13
Dodge: Dodged            |    19 |     5 ||    24

Table legend: (Time is in decaauts)
 A = Elapsed time spent in this place.
 B = Non-inter-level travel time spent in this place.
 C = Inter-level travel time spent in this place.
 D = Time resting spent in this place.
 E = Time spent auto-exploring this place.
 F = Levels seen in this place.
 G = Mean time per level.
                   A        B        C        D        E       F      G
               +--------+--------+--------+--------+--------+-----+--------+
         Total |   3288 |   3211 |     77 |    240 |   2560 |   3 | 1096.0 |
       Dungeon |   3288 |   3211 |     77 |    240 |   2560 |   3 | 1096.0 |
               +--------+--------+--------+--------+--------+-----+--------+

Top non-repeatable levels by time:
     D:1: 1470 daAuts
     D:3: 950 daAuts
     D:2: 867 daAuts
